 Dungeon Sprint DCSS version 0.19.0-2-gae57169 (webtiles) character file.

5 poirepourri the Twirler (level 1, -1/18 HPs)
             Began as a Minotaur Gladiator on Nov 3, 2016.
             Was an Initiate of Okawaru.
             Slain by a worm (8 damage)
             ... in the Dungeon (Sprint VII: "The Pits").
             The game lasted 00:00:25 (117 turns).

poirepourri the Twirler (Minotaur Gladiator)         Turns: 117, Time: 00:00:26

Health: -1/18      AC:  3    Str: 19    XL:     1   Next: 66%
Magic:  0/0        EV: 13    Int:  5    God:    Okawaru [......]
Gold:   0          SH:  0    Dex: 10    Spells: 0 memorised, 0 levels left

rFire  . . .     SeeInvis .     l - +2 quarterstaff
rCold  . . .     Gourm    .     b - +0 leather armour
rNeg   . . .     Faith    .     (shield currently unavailable)
rPois  .         Spirit   .     c - +0 hat
rElec  .         Reflect  .     (no cloak)
rCorr  .         Harm     .     (no gloves)
MR     .....     NoTele   +     (no boots)
Stlth  +.........               (no amulet)
                                (no ring)
                                (no ring)

@: no status effects
A: retaliatory headbutt, horns 2
a: Renounce Religion


You were in the Dungeon.
You worshipped Okawaru.
Okawaru was noncommittal.
You were not hungry.

You visited 1 branch

Inventory:

Hand Weapons
 a - a +0 quarterstaff
 l - a +2 quarterstaff (weapon)
Missiles
 d - 3 throwing nets (quivered)
Armour
 b - a +0 leather armour (worn)
 c - a +0 hat (worn)
Scrolls
 k - a scroll of blinking
 n - 3 scrolls of remove curse
 o - 5 scrolls of amnesia
 p - a scroll of summoning
Potions
 e - a potion of curing
 g - a potion of heal wounds
 h - a potion of haste
 i - 4 potions of magic
 j - 3 potions of berserk rage
 m - 2 potions of invisibility
Comestibles
 f - 8 bread rations
 q - 40 fruits
 r - 7 meat rations


   Skills:
 + Level 2.8 Fighting
 + Level 4.2 Staves
 + Level 2.3 Throwing
 + Level 4.1 Dodging


You couldn't memorise any spells.
You didn't know any spells.

Dungeon Overview and Level Annotations

Branches:
Dungeon (1/1)

Altars:
Ashenzari
Cheibriados
Dithmenos
Elyvilon
Fedhas
Gozag
Hepliaklqana
Kikubaaqudgha
Makhleb
Nemelex Xobeh
Okawaru
Qazlal
Ru
Sif Muna
Trog
Uskayaw
Vehumet
Xom
Yredelemnul
Zin
The Shining One
Beogh
Jiyva
Lugonu


Innate Abilities, Weirdness & Mutations

You reflexively headbutt those who attack you in melee.
You have a pair of horns on your head.


Message History

The orc misses you.
You sock the orc!
You kill the orc!
Okawaru accepts your kill.
Your Staves skill increases to level 4!
You hit the orc.
The orc is heavily wounded.
The orc closely misses you. You furiously retaliate!
You headbutt the orc!
You kill the orc!
Okawaru accepts your kill.
Your Dodging skill increases to level 4!
Things that are here:
a dagger; an orc corpse You hit the worm.
You headbutt the worm.
The worm is heavily wounded.
The worm bites you.
You sock the worm!
The worm is almost dead.
The worm bites you!
You die...

#.?(.').)'.##.....
##########.##.....
#..........)'.....
#'#####+#####.....
#.# #..... #.#
####'# #.# #.....
#.# #..... #@#
#..... #w# #...<.
#.# #..... #.#
#..... #'# #.....
#.. ###### #..#
#.## #..


You could see a worm.

Vanquished Creatures
  2 orcs (D)
  A hobgoblin (D)
3 creatures vanquished.

Notes
Turn   | Place    | Note
-------+----------+-------------------------------------------
     0 | D        | poirepourri the Minotaur Gladiator began the quest for the Orb.
     0 | D        | Reached XP level 1. HP: 18/18 MP: 0/0
    33 | D        | Found a radiant altar of Vehumet.
    33 | D        | Found a hide-covered altar of Uskayaw.
    33 | D        | Found an ancient bone altar of Kikubaaqudgha.
    33 | D        | Found a viscous altar of Jiyva.
    33 | D        | Found a hazy altar of Hepliaklqana.
    34 | D        | Found a bloodstained altar of Trog.
    34 | D        | Found a deep blue altar of Sif Muna.
    34 | D        | Found a sacrificial altar of Ru.
    34 | D        | Found a stormy altar of Qazlal.
    34 | D        | Found an iron altar of Okawaru.
    34 | D        | Found a sparkling altar of Nemelex Xobeh.
    34 | D        | Found an opulent altar of Gozag.
    34 | D        | Found a blossoming altar of Fedhas.
    34 | D        | Found a white marble altar of Elyvilon.
    34 | D        | Found a shadowy altar of Dithmenos.
    34 | D        | Found a snail-covered altar of Cheibriados.
    35 | D        | Found a glowing golden altar of the Shining One.
    35 | D        | Found a glowing silver altar of Zin.
    36 | D        | Found a burning altar of Makhleb.
    36 | D        | Found a basalt altar of Yredelemnul.
    36 | D        | Found a roughly hewn altar of Beogh.
    37 | D        | Found a corrupted altar of Lugonu.
    37 | D        | Found a shimmering altar of Xom.
    37 | D        | Found a shattered altar of Ashenzari.
    52 | D        | Became a worshipper of Warmaster Okawaru
   102 | D        | Noticed an orc priest
   117 | D        | Slain by a worm

Skill      XL: |  1 |
---------------+----+-----
Staves         | 4 |  4.2
Dodging        | 4 |  4.1
Fighting       | |  2.8
Throwing       | |  2.3

Action                   || total
-------------------------++-------
Melee: Quarterstaff      ||    10
       Headbutt          ||     2
Armor: Leather armour    ||     1
Dodge: Dodged            ||     4
